 Dungeon Crawl Stone Soup version 0.30.1-11-g7821555f0a (webtiles) character file.

Game seed: 7255369350604955515

1175 Peloso the Covered (level 8, -7/70 HPs)
             Began as a Minotaur Fighter on Dec 27, 2023.
             Was a Believer of Okawaru.
             Splashed by a jelly's acid (8 damage)
             ... on level 5 of the Dungeon.
             The game lasted 00:11:21 (4021 turns).

Peloso the Covered (Minotaur Fighter)               Turns: 4021, Time: 00:11:22

Health: -7/70      AC: -1    Str: 20    XL:     8   Next: 18%
Magic:  7/7        EV:  8    Int:  5    God:    Okawaru [**....]
Gold:   170        SH:  9    Dex: 13    Spells: 7/7 levels left

rFire   . . .        a - +0 long sword (heavy)
rCold   . . .        d - +0 kite shield
rNeg    . . .        c - +0 chain mail
rPois   .            (helmet restricted)
rElec   .            (no cloak)
rCorr   .            (no gloves)
SInv    .            (no boots)
Will    .....        (no amulet) Stlth
                     (no ring)
HPRegen 0.31/turn    (no ring)
MPRegen 0.10/turn

%: no passive effects
@: corroded
A: horns 2, retaliatory headbutt
a: Renounce Religion, Heroism


You were on level 5 of the Dungeon.
You worshipped Okawaru.
Okawaru was pleased with you.
You visited 2 branches of the dungeon, and saw 6 of its levels.
You also visited: Sewer.

You collected 170 gold pieces.

Inventory:

Hand Weapons
 a - a +0 heavy long sword (weapon)
Armour
 b - a +0 scale mail
 c - a +0 chain mail (worn)
 d - a +0 kite shield (worn)
Jewellery
 g - an amulet of the acrobat
Scrolls
 e - a scroll of teleportation
 h - a scroll of enchant armour {unknown}
 v - a scroll of acquirement
Potions
 f - a potion of flight
 i - 2 potions of might
 j - a potion of cancellation
 k - a potion of resistance {unknown}
 l - 8 potions of curing
 m - a potion of degeneration {unknown}
 n - 2 potions of mutation {unknown}
 w - a potion of heal wounds {unknown}


   Skills:
 + Level 5.8 Fighting
 + Level 7.1 Long Blades
 + Level 7.3 Armour
 + Level 2.2 Dodging
 + Level 0.3 Stealth
 + Level 5.8 Shields


You had 7 spell levels left.
You didn't know any spells.
Your spell library was empty.

Dungeon Overview and Level Annotations

Branches:
Dungeon (5/15)             Temple (1/1) D:4           Sewer (visited)

Altars:
Elyvilon
Hepliaklqana
Makhleb
Okawaru

Shops:
D:4 (


Innate Abilities, Weirdness & Mutations

You have a pair of horns on your head.
You reflexively headbutt those who attack you in melee.


Message History

You hit the orc wizard. You headbutt the orc wizard.
You kill the orc wizard!
Okawaru accepts your kill.
A jelly comes into view.
The jelly quivers.
You hit the orc. You headbutt the orc.
The orc is heavily wounded.
You block the orc's attack. The orc hits you with a +0 flail.
You completely miss the orc.
The orc is heavily wounded.
You block the orc's attack. The orc hits you with a +0 flail.
You slash the orc!
You kill the orc!
Okawaru accepts your kill. You block the adder's attack.
The adder barely misses you. You furiously retaliate!
You headbutt the adder! You hit the adder.
You kill the adder!
Okawaru accepts your kill. The jelly hits you. The acid corrodes you!
You are splashed with acid!
The orc hits you with a +0 flail.
Unknown command.
You barely miss the jelly. You headbutt the jelly.
The jelly is moderately wounded.
You block the orc's attack. The jelly hits you. The acid corrodes you!
You are splashed with acid.
The jelly hits you. The acid corrodes you!
You are splashed with acid!
The orc hits you with a +0 flail!
You slash the jelly! The acid corrodes you!
Your hands burn!
* * * LOW HITPOINT WARNING * * *
The jelly is severely wounded.
The orc hits you with a +0 flail!
* * * LOW HITPOINT WARNING * * *
The jelly hits you.
* * * LOW HITPOINT WARNING * * *
You are splashed with acid.
* * * LOW HITPOINT WARNING * * *
You block the orc's attack. The jelly hits you.
* * * LOW HITPOINT WARNING * * *
You are splashed with acid!
You die...

....# ....# .. ....# .. ....#
###'# .#### #.... ....#
#.#.### ....# ######## #.#...
....###.....)#######.#.#.###.
.............'.J@o)...)......
....###......#####...###.###.
.#### #......# ###..... ..
######## #...#.# .# #.#.# #
#.#.# #.#.. #.# .#


You could see a jelly and an orc.

Vanquished Creatures
  Pikel (D:4)
  Pargi (Sewer)
  An orc warrior (D:4)
  A lemure (D:4)
  Blork the orc (D:4)
  A phantom (D:5)
  A howler monkey (D:5)
  2 orc priests
  2 hounds
  2 orc wizards (D:5)
  Jessica (D:3)
  3 gnolls (D:4)
  5 adders
  4 worms
  13 orcs
  9 ball pythons
  7 bats
  6 endoplasms
  3 giant cockroaches
  5 goblins
  5 hobgoblins
  3 jackals (D:4)
  5 kobolds
  7 quokkas
  7 frilled lizards
  6 rats
102 creatures vanquished.

Notes
Turn   | Place    | Note
-------+----------+-------------------------------------------
     0 | D:1      | Peloso the Minotaur Fighter began the quest for the Orb.
     0 | D:1      | Reached XP level 1. HP: 19/19 MP: 0/0
    91 | D:1      | Reached XP level 2. HP: 21/27 MP: 1/1
   577 | D:1      | Reached XP level 3. HP: 33/33 MP: 2/2
  1352 | D:3      | Reached XP level 4. HP: 14/41 MP: 3/3
  1352 | D:3      | Noticed Jessica
  1560 | D:3      | Killed Jessica
  1725 | D:3      | Reached skill level 1 in Dodging
  1725 | D:3      | Reached XP level 5. HP: 47/47 MP: 4/4
  2147 | D:3      | Found a burning altar of Makhleb.
  2147 | D:3      | Noticed an Executioner
  2246 | D:3      | Found a faded altar of an unknown god.
  2257 | D:4      | Found Zaxtaticw's Weapon Shoppe.
  2338 | D:4      | Found a glowing drain.
  2359 | Sewer    | Entered a sewer
  2475 | Sewer    | Noticed Pargi
  2488 | Sewer    | Killed Pargi
  2489 | Sewer    | Reached XP level 6. HP: 26/55 MP: 5/5
  2787 | Sewer    | Identified a scroll of acquirement
  2850 | D:4      | Reached skill level 5 in Long Blades
  2867 | D:4      | Found a staircase to the Ecumenical Temple.
  2870 | D:4      | Noticed Blork the orc
  2881 | D:4      | Killed Blork the orc
  2882 | D:4      | Reached skill level 5 in Fighting
  2882 | D:4      | Reached skill level 5 in Armour
  2890 | Temple   | Entered the Ecumenical Temple
  2973 | Temple   | Became a worshipper of Warmaster Okawaru
  3227 | D:4      | Noticed Pikel
  3244 | D:4      | Killed Pikel
  3244 | D:4      | Reached * piety under Okawaru
  3245 | D:4      | Reached skill level 5 in Shields
  3245 | D:4      | Reached XP level 7. HP: 27/61 MP: 6/6
  3646 | D:4      | Found a faded altar of an unknown god.
  3664 | D:4      | Reached ** piety under Okawaru
  3795 | D:4      | Found a hazy altar of Hepliaklqana.
  3906 | D:5      | Entered Level 5 of the Dungeon
  3972 | D:5      | Reached XP level 8. HP: 54/70 MP: 7/7
  4021 | D:5      | HP: 2/70 [acid (6)]
  4021 | D:5      | Splashed by a jelly's acid

Illustrated notes

Levels and vault maps discovered:
D:1:      minmay_arrival_solitary_statue, layout_basic, dk_noncrumbling_4,
          minmay_tromino_v2
D:2:      layout_loops_ring, serial_park_tiny_1
D:3:      layout_loops_ring, makhleb_altar_promises_db,
          ebering_ecumenical_altar_rust, kennysheep_jessica_study
D:4:      layout_loops_ring, beargit_hepliaklqana_dungeon_heroes,
          minmay_temple_entry_large_hall, serial_shops,
          nicolae_shop_bloodbath_and_beyond, gup_sewer_entry_bubbles,
          uniq_blork_the_orc, uniq_pikel
D:5:      layout_basic, uniq_ijyb
Temple:   jpeg_temple_clearing

Skill      XL: |  1  2  3  4  5  6  7  8 |
---------------+-------------------------+-----
Fighting       | 4 5 |  5.8
Armour         | 4 6 7 |  7.3
Shields        | 4 5 |  5.8
Long Blades    | 3 4 6 7 |  7.1
Dodging        | 1 2 |  2.2
Stealth        | |  0.3

Action                     |  1- 3 |  4- 6 |  7- 9 || total
---------------------------+-------+-------+-------++-------
  Melee: Long sword        |    88 |   159 |    31 ||   278
         Headbutt          |    15 |    19 |     8 ||    42
    Use: Potion            |     2 |       |       ||     2
         Scroll            |       |    12 |       ||    12
 Armour: Scale mail        |    10 |       |       ||    10
         Chain mail        |    36 |    76 |    15 ||   127
  Dodge: Dodged            |    35 |    80 |    12 ||   127
  Block: Buckler           |    14 |    51 |     1 ||    66
         Kite shield       |       |       |    26 ||    26
